 Dungeon Crawl Stone Soup version 0.29-a0-194-g6e3aafee17 (webtiles) character file.

Game seed: 3863913408586011179

3 Zeldest the Ducker (level 1, -1/10 HPs)
             Began as a Felid Monk on Feb 22, 2022.
             Slain by a gnoll
             ... wielding a +0 spear
              (11 damage)
             ... on level 1 of the Dungeon.
             The game lasted 00:00:14 (187 turns).

Zeldest the Ducker (Felid Monk)                      Turns: 187, Time: 00:00:15

Health: -1/10      AC:  1    Str:  7    XL:     1   Next: 41%
Magic:  2/2        EV: 19    Int: 11    God:
Gold:   22         SH:  0    Dex: 18    Spells: 0/0 levels left
                                        Lives:  0   Deaths: 0

rFire   . . .      SeeInvis +     - Unarmed
rCold   . . .      Faith    .   (shield unavailable)
rNeg    . . .      Spirit   .   (body armour unavailable)
rPois   .          Reflect  .   (helmet unavailable)
rElec   .          Harm     .   (cloak unavailable)
rCorr   .          Rampage  .   (gloves unavailable)
Will    .....                   (boots unavailable)
Stlth   ++........              (no amulet)
HPRegen 0.03/turn               (no ring)
MPRegen 0.08/turn               (no ring)

@: quick
A: very small, claws 1, fangs 3, see invisible, speed 1, shaggy fur 1, stealthy
paws, no weapons or thrown items, no armour, multi-lived
a: no special abilities


You were on level 1 of the Dungeon.
You visited 1 branch of the dungeon, and saw 1 of its levels.

You collected 22 gold pieces.

Inventory:

Scrolls
 a - a scroll of torment {unknown}
 b - a scroll of fear {unknown}
Potions
 c - a potion of attraction {unknown}


   Skills:
 + Level 3.0 Fighting
 + Level 4.1 Dodging
 + Level 2.8 Stealth
 + Level 3.0 Unarmed Combat


You couldn't memorise any spells.
You didn't know any spells.
Your spell library was empty.

Dungeon Overview and Level Annotations

Branches:
Dungeon (1/15)

Altars:


Innate Abilities, Weirdness & Mutations

You have sharp claws.
You have razor-sharp teeth.
You have supernaturally acute eyesight. (SInv)
You cover ground quickly. (Speed+)
You are covered in fur. (AC +1)
Your paws help you pounce on unaware monsters.
You are incapable of wielding weapons or throwing items.
You cannot wear armour.
You gain extra lives every three experience levels.


Message History

A ball python comes into view.
The bat misses you. x2
You closely miss the bat. You bite the bat.
The bat is severely wounded.
The bat misses you. The bat completely misses you.
You miss the bat.
The bat is severely wounded.
The bat barely misses you. The bat misses you.
You scratch the bat.
You kill the bat!
The ball python hisses angrily.
A ball python is nearby!
A ball python is nearby!
The ball python completely misses you. x2
A ball python is nearby!
You barely miss the ball python. The ball python closely misses you.
The ball python completely misses you.
A ball python is nearby!
You scratch the ball python but do no damage.
The ball python misses you. The ball python closely misses you.
A ball python is nearby!
You scratch the ball python.
You kill the ball python!
You now have 10 gold pieces.
Found a ring mail.
No target in view!
No target in view!
Found a stone staircase leading down.
No target in view!
Key pressed, stopping explore.
No target in view!
No target in view!
You now have 22 gold pieces (gained 12).
A gnoll comes into view. It is wielding a +0 spear.
The gnoll shouts!
The gnoll closely misses you.
A gnoll is nearby!
You scratch the gnoll but do no damage. The gnoll hits you with a +0 spear!
Ouch! That really hurt!
You die...

####...######...## ##>##
##'## # ### ###..# ####
####...##
...#####....###
##...#...#### ###...###
#
#####.############.#####
.............##.@g......
.###########.##.########
.# ####..#.# .#
#.......####### .#
#.............. .######
#........######
..#...###........#
#...#..#..#......###
#..###...###...>....#


You could see a gnoll.

Vanquished Creatures
  A hobgoblin (D:1)
  A ball python (D:1)
  A bat (D:1)
  A goblin (D:1)
4 creatures vanquished.

Notes
Turn   | Place    | Note
-------+----------+-------------------------------------------
     0 | D:1      | Zeldest the Felid Monk began the quest for the Orb.
     0 | D:1      | Reached XP level 1. HP: 10/10 MP: 2/2
   187 | D:1      | Slain by a gnoll

Illustrated notes

Levels and vault maps discovered:
D:1:      minmay_arrival_split_and_join, layout_basic,
          chequers_serial_rivers_micro_b, solitary_fountain, minivault_11,
          minmay_strange_pillars

Action                   || total
-------------------------++-------
Melee: Unarmed           ||    13
       Bite              ||     2
Dodge: Dodged            ||    17

Table legend: (Time is in decaauts)
 A = Elapsed time spent in this place.
 B = Non-inter-level travel time spent in this place.
 C = Inter-level travel time spent in this place.
 D = Time resting spent in this place.
 E = Time spent auto-exploring this place.
 F = Levels seen in this place.
 G = Mean time per level.
                   A        B        C        D        E       F      G
               +--------+--------+--------+--------+--------+-----+--------+
         Total |    152 |    152 |      0 |      0 |    115 |   1 |  152.0 |
       Dungeon |    152 |    152 |      0 |      0 |    115 |   1 |  152.0 |
               +--------+--------+--------+--------+--------+-----+--------+

Top non-repeatable levels by time:
     D:1: 152 daAuts
